 Dungeon Crawl Stone Soup version 0.31-a0-1163-gcee99d1eea (webtiles) character file.

Game seed: 3660148115344841409

6405 Sanktem7 the Cleaver (level 10, -5/99 HPs)
             Began as a Minotaur Fighter on Dec 1, 2023.
             Killed by divine providence
             ... invoked by an orc priest
              (15 damage)
             ... on level 8 of the Dungeon on Dec 9, 2023.
             The game lasted 00:22:02 (8731 turns).

Sanktem7 the Cleaver (Minotaur Fighter)             Turns: 8731, Time: 00:22:02

Health: -5/99      AC: 23    Str: 28    XL:     10   Next: 66%
Magic:  9/9        EV:  9    Int:  4    God:
Gold:   605        SH:  6    Dex: 10    Spells: 9/9 levels left

rFire   + . .        a - +1 war axe {axe}
rCold   . . .        c - +0 buckler
rNeg    . . .        r - +1 chain mail "Udghoutu" {rF+ Will+ Stlth+}
rPois   .            (helmet restricted)
rElec   .            E - +2 cloak
rCorr   .            (no gloves)
SInv    .            n - +1 pair of boots
Will    +....        (no amulet) Stlth
                     v - ring of flight
HPRegen 0.36/turn    u - +4 ring of protection
MPRegen 0.11/turn

%: no passive effects
@: flying
A: horns 2, retaliatory headbutt, iridescent scales 1, robust 1, strong 1
a: no special abilities


You were on level 8 of the Dungeon.
You visited 2 branches of the dungeon, and saw 9 of its levels.
You also visited: Sewer and Ossuary.

You collected 605 gold pieces.


Innate Abilities, Weirdness & Mutations

You have a pair of horns on your head.
You reflexively headbutt those who attack you in melee.
You are partially covered in iridescent scales. (AC +2)
You are robust. (+10% HP)
Your muscles are strong. (Str +4, Int/Dex -1)


   Skills:
 + Level 8.9 Fighting
 * Level 11.7 Axes
 + Level 6.1 Throwing
 + Level 8.7 Armour
 + Level 8.7 Shields


You had 9 spell levels left.
You didn't know any spells.
Your spell library contained the following spells:

 Spells                   Type           Power      Damage    Failure   Level
 Apportation              Tloc           0%         N/A       94%         1
 Necrotise                Necr           0%         1d4       94%         1
 Shock                    Conj/Air       0%         1d3       94%         1
 Summon Small Mammal      Summ           0%         N/A       94%         1
 Cigotuvi's Dreadful Rot  Necr/Pois/Air  0%         N/A       98%         2
 Dazzling Flash           Conj/Hex       0%         N/A       100%        3
 Ignite Poison            Fire/Tmut/Pois 0%         N/A       100%        3
 Swiftness                Air            0%         N/A       100%        3
 Volatile Blastmotes      Fire/Tloc      0%         2d10      100%        3
 Airstrike                Air            0%         2d(0-16)  100%        4
 Fulminant Prism          Conj/Hex       0%         3d5       100%        4
 Iskenderun's Mystic Bla  Conj/Tloc      0%         2d3       100%        4
 Agony                    Necr           0%         N/A       100%        5
 Freezing Cloud           Conj/Ice/Air   0%         6-21      100%        5
 Silence                  Hex/Air        0%         N/A       100%        5

Inventory:

Hand Weapons
 a - a +1 war axe (weapon) {axe}
 C - a +5 flail {mace}
   (You took it off a wight on level 7 of the Dungeon)
 H - a +0 dire flail of venom {mace}
   (You took it off a two-headed ogre on level 8 of the Dungeon)
Missiles
 i - 28 poisoned darts {throwing}
 j - 102 stones {throwing}
 p - 3 boomerangs {throwing}
Armour
 c - a +0 buckler (worn)
 k - a +0 plate armour
   (You found it on level 1 of the Dungeon)
 n - a +1 pair of boots (worn)
   (You found it on level 2 of the Dungeon)
 r - the +1 chain mail "Udghoutu" (worn) {rF+ Will+ Stlth+}
   (You found it on level 7 of the Dungeon)

   rF+:       It protects you from fire.
   Will+:     It increases your willpower.
   Stlth+:    It makes you more stealthy.
 E - a +2 cloak (worn)
   (You found it on level 5 of the Dungeon)
Jewellery
 u - a +4 ring of protection (right hand)
   (You found it on level 4 of the Dungeon)
 v - a ring of flight (left hand)
   (You found it on level 4 of the Dungeon)
 y - a ring of protection from cold
   (You found it on level 7 of the Dungeon)
Wands
 b - a wand of roots (5)
   (You took it off an orc warrior on level 7 of the Dungeon)
 t - a wand of digging (4)
   (You found it on level 7 of the Dungeon)
 I - a wand of flame (29)
   (You found it on level 8 of the Dungeon)
Scrolls
 e - 3 scrolls of teleportation {@r4}
 l - 3 scrolls of silence {!r}
 x - 6 scrolls of identify {@r1}
 A - a scroll of vulnerability {unknown}
 D - a scroll of blinking {!r}
 G - a scroll of revelation {unknown}
Potions
 d - 9 potions of might
 f - 2 potions of brilliance {unknown}
 g - a potion of resistance {unknown}
 h - 2 potions of mutation {!q}
 m - 2 potions of attraction {unknown}
 o - 2 potions of lignification {unknown}
 q - 2 potions of invisibility
 s - 2 potions of enlightenment
 w - 4 potions of heal wounds {@q2}
 z - 4 potions of curing {@q1}
 B - a potion of magic {unknown}
 F - a potion of haste {unknown}

Dungeon Overview and Level Annotations

Branches:
Dungeon (8/15) Zot: 26409  Temple (1/1) D:7 Zot: 5990   Sewer (visited)
Ossuary (visited)
   Lair: D:8-11

Altars:
Cheibriados
Dithmenos
Elyvilon
Fedhas
Gozag
Hepliaklqana
Kikubaaqudgha
Makhleb
Nemelex Xobeh
Okawaru
Qazlal
Ru
Sif Muna
Trog
Vehumet
Xom
Zin
The Shining One

Shops:
D:7 *

Annotations:
D:8 Amaemon

. ####...........
#...######....
###########.#.## #....
#.........#.#..#######.)
#.........#..<..........
#...........##.#######..
#.........####..........
#.....s.s.# #.....###..
#.....s@).# #.###.###..
######6{### ..# #..##..


.o{ss ### ##..### .....o.. ##.### #.......... #..... #..........# #.....
#..........# #..).. #..........# #..... #..... You could see Amaemon, 5
scorpions and 2 orc priests.


Message History

You hit Amaemon but do no damage. You headbutt Amaemon.
You hit the orange demon but do no damage.
You feel extremely sick. 😨 HP[-7]
You take 7 damage, and now have 47/99 hp.
You hit Amaemon. You barely miss the orange demon.
You feel very sick. You block Amaemon's attack. Amaemon barely misses you.
Amaemon tail-slaps you but does no damage.
You block the orange demon's attack.
The orange demon hits you but does no damage. 😨 HP[-6]
You take 6 damage, and now have 41/99 hp.
Unknown command.
You completely miss Amaemon. Your headbutt misses Amaemon.
You closely miss the orange demon.
You feel very sick.
The scorpion no longer looks unusually toxic.
Amaemon mumbles some strange words.
The orange demon stings you but does no damage.
The orange demon hits you but does no damage. 😨 HP[-3]
You take 3 damage, and now have 38/99 hp.
You slash Amaemon! You headbutt Amaemon. You slash the orange demon!
You hit the scorpion but do no damage.
You feel very sick.
The orange demon no longer looks unusually toxic.
Amaemon hisses.
You block Amaemon's attack. Amaemon claws you but does no damage.
Amaemon tail-slaps you.
* * * LOW HITPOINT WARNING * * *
You are more poisoned.
Amaemon poisons you!
The orange demon stings you but does no damage.
The orange demon hits you but does no damage.
The orc priest looks encouraged for a moment.
The orc priest begins to cast a cantrip, but forgets the words!
The scorpion stings you but does no damage. 😨 HP[-6]
You take 6 damage, and now have 32/99 hp.
You hit Amaemon. You slash the orange demon!
You kill the orange demon!
You hit the scorpion but do no damage. You slash the scorpion!
* * * LOW HITPOINT WARNING * * *
You feel very sick.
The scorpion disappears in a puff of smoke!
Amaemon casts a spell.
The scorpion stings you but does no damage. x2 😨 HP[-6]
You take 6 damage, and now have 26/99 hp.
You slash Amaemon! Your headbutt misses Amaemon. You slash the scorpion!
You kill the scorpion!
The scorpion's corpse disappears in a puff of smoke!
You slash the scorpion! You completely miss the scorpion.
* * * LOW HITPOINT WARNING * * *
You feel very sick. Amaemon barely misses you. You block Amaemon's attack.
Amaemon tail-slaps you but does no damage.
The orc priest miscasts a cantrip.
You block the scorpion's attack. 😱 HP[-5]
You take 5 damage, and now have 21/99 hp.
You hit Amaemon but do no damage. You hit the scorpion.
You completely miss the scorpion.
* * * LOW HITPOINT WARNING * * *
You feel very sick.
The scorpion disappears in a puff of smoke!
You block Amaemon's attack. Amaemon completely misses you.
Amaemon tail-slaps you but does no damage.
The orc priest invokes the aid of Beogh against you.
Beogh smites you!
* * * LOW HITPOINT WARNING * * *
The scorpion stings you.
* * * LOW HITPOINT WARNING * * *
The orc priest casts a cantrip, but nothing happens.
The scorpion stings you but does no damage. 😱 HP[-20]
You take 20 damage, and now have 1/99 hp.
MASSIVE DAMAGE!! (PAUSE)
You feel better. The scorpion stings you.
* * * LOW HITPOINT WARNING * * *
You are lethally poisoned!
The scorpion poisons you! The scorpion barely misses you.
The orc priest looks encouraged for a moment.
The scorpion barely misses you. You furiously retaliate!
You headbutt the scorpion!
You hear some strange, mumbled words.
A magic dart appears from out of thin air!
The magic dart hits you.
* * * LOW HITPOINT WARNING * * *
Amaemon gestures at the scorpion while chanting.
The scorpion seems to grow toxic. 😱 HP[+1]
You feel better.
The scorpion stings you but does no damage.
You block the scorpion's attack. The scorpion closely misses you.
You furiously retaliate!
You headbutt the scorpion.
The orc priest calls down the wrath of Beogh upon you.
Beogh smites you!
You die...

Skill      XL: |  1  2  3  4  5  6  7  8  9 10 |
---------------+-------------------------------+-----
Axes           | 3 5 6 7 8 10 11 | 11.7
Shields        | 4 5 6 7 8 |  8.7
Fighting       | 4 5 6 8 |  8.9
Armour         | 4 5 6 7 8 |  8.7
Throwing       | 1 3 5 6 |  6.1

Action                     |  1- 3 |  4- 6 |  7- 9 | 10-12 || total
---------------------------+-------+-------+-------+-------++-------
  Melee: War axe           |    75 |   125 |   325 |   146 ||   671
         Headbutt          |     7 |    18 |    65 |    31 ||   121
    Use: Scroll            |       |       |    14 |       ||    14
         Potion            |       |       |     3 |     2 ||     5
 Armour: Scale mail        |     4 |       |       |       ||     4
         Chain mail        |     8 |       |       |   116 ||   124
         Plate armour      |    48 |   137 |   276 |     7 ||   468
  Dodge: Dodged            |    20 |    25 |    81 |    45 ||   171
  Block: Buckler           |    19 |    17 |    74 |    40 ||   150

Levels and vault maps discovered:
D:1:      grunt_arrival_crossed_arrows, layout_basic
D:2:      layout_basic, basic_ecumenical_altar, minmay_split_cup_large,
          uniq_sigmund, uniq_jessica
D:3:      layout_basic
D:4:      layout_basic, general_overflow_altar, minmay_increasing_density,
          uniq_blork_the_orc
D:5:      layout_loops_ring, mainiacjoe_overflow_divided_tiny, serial_shops,
          nicolae_shop_tiny_real_fake_doors, uniq_pikel
D:6:      layout_gridville, enter_ossuary_5, portal_sewer_entry_a,
          gammafunk_ghost_cemetery
D:7:      layout_basic, minmay_temple_entry_crystal_x, nicolae_alphabet_shops,
          minmay_bent, uniq_jeremiah
D:8:      layout_rooms, fiery_altar_vehumet, grunt_temple_overflow_open,
          uniq_amaemon
Temple:   jpeg_temple_clearing

Notes
Turn   | Place    | Note
-------+----------+-------------------------------------------
     0 | D:1      | Sanktem7 the Minotaur Fighter began the quest for the Orb.
     0 | D:1      | Reached XP level 1. HP: 19/19 MP: 0/0
     0 | D:1      | magus.rc [v1.9.6]
   257 | D:1      | Reached XP level 2. HP: 27/27 MP: 1/1
   358 | D:1      | You pick up a book of Blasting and begin reading...
   358 | D:1      | You add the spells Volatile Blastmotes, Fulminant Prism and
                  | Iskenderun's Mystic Blast to your library.
   434 | D:1      | You pick up a book of Cantrips and begin reading...
   434 | D:1      | You add the spells Necrotise, Summon Small Mammal and
                  | Apportation to your library.
   440 | D:1      | Reached skill level 3 in Axes
   738 | D:2      | Reached skill level 4 in Shields
   740 | D:2      | Reached XP level 3. HP: 26/33 MP: 2/2
   784 | D:2      | Reached skill level 4 in Fighting
   903 | D:2      | Noticed Jessica
   914 | D:2      | Killed Jessica
   915 | D:2      | Reached skill level 4 in Armour
  1062 | D:2      | Reached XP level 4. HP: 40/40 MP: 3/3
  1070 | D:2      | Noticed Sigmund
  1088 | D:2      | HP: 6/40 [something (6)]
  1091 | D:2      | HP: 1/40 [something (5)]
  1092 | D:2      | Killed Sigmund
  1093 | D:2      | Reached skill level 5 in Axes
  1093 | D:2      | Reached XP level 5. HP: 2/47 MP: 4/4
  1335 | D:2      | Found a faded altar of an unknown god.
  1706 | D:3      | You pick up a book of the Senses and begin reading...
  1706 | D:3      | You add the spells Dazzling Flash, Agony and Silence to
                  | your library.
  1840 | D:3      | Reached XP level 6. HP: 55/55 MP: 5/5
  2293 | D:3      | Reached skill level 5 in Fighting
  2296 | D:3      | Reached skill level 5 in Shields
  2312 | D:3      | Reached skill level 1 in Throwing
  2312 | D:3      | Reached skill level 5 in Armour
  3027 | D:4      | Reached skill level 6 in Axes
  3027 | D:4      | Reached XP level 7. HP: 54/61 MP: 6/6
  3218 | D:4      | You pick up a book of Air and begin reading...
  3218 | D:4      | You add the spells Shock, Swiftness and Airstrike to your
                  | library.
  3228 | D:4      | Noticed Blork the orc
  3238 | D:4      | Killed Blork the orc
  3547 | D:4      | Found a blossoming altar of Fedhas.
  3787 | D:5      | Entered Level 5 of the Dungeon
  3790 | D:5      | Reached skill level 2 in Throwing
  3940 | D:5      | Noticed Pikel
  3960 | D:5      | Killed Pikel
  3961 | D:5      | Reached skill level 6 in Fighting
  3961 | D:5      | Reached skill level 7 in Axes
  3961 | D:5      | Reached skill level 3 in Throwing
  3961 | D:5      | Reached skill level 6 in Armour
  3961 | D:5      | Reached skill level 6 in Shields
  3961 | D:5      | Reached XP level 8. HP: 40/70 MP: 7/7
  4298 | D:5      | Found Funive's Armour Emporium.
  4471 | D:5      | Found a white marble altar of Elyvilon.
  4471 | D:5      | Found an opulent altar of Gozag.
  4479 | D:5      | Reached skill level 8 in Axes
  4717 | D:6      | You add the spells Cigotuvi's Dreadful Rot, Ignite Poison
                  | and Freezing Cloud to your library.
  4776 | D:6      | Found a sand-covered staircase.
  4781 | Ossuary  | Entered an ossuary
  5089 | D:6      | Reached XP level 9. HP: 78/78 MP: 8/8
  5089 | D:6      | Found a runed translucent gate.
  5089 | D:6      | Found a runed translucent gate.
  5089 | D:6      | Found a runed translucent gate.
  5089 | D:6      | Noticed ranchalot's ghost (novice OpSh)
  5090 | D:6      | Noticed lunkers's ghost (novice MeSh)
  5112 | D:6      | Reached skill level 7 in Fighting
  5112 | D:6      | Reached skill level 4 in Throwing
  5160 | D:6      | Reached skill level 9 in Axes
  5222 | D:6      | Found a glowing drain.
  5258 | Sewer    | Entered a sewer
  5588 | Sewer    | Reached skill level 7 in Armour
  5588 | Sewer    | Reached skill level 7 in Shields
  6000 | Sewer    | magus.rc [v1.9.6]
  6121 | Sewer    | Gained mutation: You are partially covered in iridescent
                  | scales. (AC +2) [potion of mutation]
  6121 | Sewer    | Gained mutation: Your flesh is cold resistant. (rC+)
                  | [potion of mutation]
  6121 | Sewer    | Gained mutation: You are vulnerable to heat. (rF-) [potion
                  | of mutation]
  6121 | Sewer    | Gained mutation: You are robust. (+10% HP) [potion of
                  | mutation]
  6693 | D:6      | Lost mutation: You are vulnerable to heat. (rF-) [potion of
                  | mutation]
  6693 | D:6      | Lost mutation: Your flesh is cold resistant. (rC+) [potion
                  | of mutation]
  6693 | D:6      | Gained mutation: You are clumsy. (Dex -2) [potion of
                  | mutation]
  6693 | D:6      | Gained mutation: Your muscles are strong. (Str +4, Int/Dex
                  | -1) [potion of mutation]
  6693 | D:6      | Lost mutation: You are clumsy. (Dex -2) [potion of
                  | mutation]
  6705 | D:6      | Killed lunkers's ghost
  6713 | D:6      | Killed ranchalot's ghost
  6714 | D:6      | Reached skill level 10 in Axes
  6714 | D:6      | Reached skill level 5 in Throwing
  6818 | D:7      | Reached skill level 8 in Fighting
  7010 | D:7      | Identified the +1 chain mail "Udghoutu" {rF+ Will+ Stlth+}
  7048 | D:7      | Upgraded the game from 0.31-a0-1074-g0b22e4e0f1 to
                  | 0.31-a0-1163-gcee99d1eea
  7048 | D:7      | magus.rc [v1.9.6]
  7126 | D:7      | Reached XP level 10. HP: 91/93 MP: 9/9
  7158 | D:7      | Found a staircase to the Ecumenical Temple.
  7221 | D:7      | Noticed Jeremiah
  7224 | Temple   | Entered the Ecumenical Temple
  7251 | D:7      | Reached skill level 8 in Armour
  7251 | D:7      | Reached skill level 8 in Shields
  7387 | D:7      | Killed Jeremiah
  7623 | D:7      | Reached skill level 11 in Axes
  8041 | D:7      | Found Eamam's Eclectic Emporium.
  8195 | D:8      | Found a sacrificial altar of Ru.
  8195 | D:8      | Found an iron altar of Okawaru.
  8197 | D:8      | Found a glowing golden altar of the Shining One.
  8254 | D:8      | Noticed a two-headed ogre
  8265 | D:8      | Killed a two-headed ogre
  8449 | D:8      | Reached skill level 6 in Throwing
  8642 | D:8      | Found a radiant altar of Vehumet.
  8711 | D:8      | Noticed Amaemon
  8712 | D:8      | Noticed an orange demon
  8727 | D:8      | Killed an orange demon
  8728 | D:8      | HP: 21/99 [poisoned by Amaemon]
  8729 | D:8      | HP: 6/99 [orc priest/divine providence (11)]
  8729 | D:8      | HP: 1/99 [scorpion[Amaemon] (5)]
  8731 | D:8      | Killed from afar by an orc priest

Vanquished Creatures
  A two-headed ogre (D:8)
  Pikel (D:5)
  The ghost of lunkers the Martial Artist, a novice MeSh (D:6)
  The ghost of ranchalot the Insei, a novice OpSh of the Shining One (D:6)
  An orange demon (D:8)
  Jeremiah (D:7)
  Sigmund (D:2)
  3 water moccasins
  2 sky beasts
  2 ice beasts
  2 orc warriors (D:7)
  3 black bears
  An ogre (D:7)
  2 centaurs
  2 phantoms
  6 kobold brigands
  Blork the orc (D:4)
  3 bullfrogs
  3 scorpions
  8 wights (D:7)
  2 howler monkeys
  3 jellies
  3 hounds
  3 orc priests
  Jessica (D:2)
  A sleepcap (D:6)
  3 iguanas
  9 orc wizards
  8 mummies (Ossuary)
  10 adders
  3 river rats
  3 shadow imps
  3 white imps
  14 worms
  3 dart slugs (D:1)
  25 orcs
  8 endoplasms
  7 giant cockroaches
  A gnoll zombie (Ossuary)
  7 hobgoblins
  5 jackals
  A quokka (D:2)
  11 ball pythons
  3 bats
  6 frilled lizards
  7 goblins
  5 hobgoblin zombies (Ossuary)
  20 kobolds
  A kobold zombie (Ossuary)
  An orc zombie (Ossuary)
  9 rats
231 creatures vanquished.

Table legend:
 A = Non-vault XP
 B = Vault XP
 C = Vault XP percentage of total XP
 D = Non-vault monster count
 E = Vault monster count
 F = Vault count percentage of total count
                 A         B        C        D         E       F
            +---------+---------+-------+---------+---------+-------
      Total |    4751 |    4400 |  48.1 |     158 |      73 |  31.6
            +---------+---------+-------+---------+---------+-------
        D:1 |      27 |       0 |   0.0 |      14 |       0 |   0.0
        D:2 |      57 |     271 |  82.6 |      19 |       5 |  20.8
        D:3 |     203 |       0 |   0.0 |      31 |       0 |   0.0
        D:4 |     270 |     183 |  40.4 |      24 |       6 |  20.0
        D:5 |     572 |     651 |  53.2 |      16 |       1 |   5.9
        D:6 |     923 |    1126 |  55.0 |      16 |       7 |  30.4
        D:7 |    1415 |    1103 |  43.8 |      26 |       9 |  25.7
        D:8 |    1284 |     416 |  24.5 |      12 |       1 |   7.7
      Sewer |       0 |     499 | 100.0 |       0 |      28 | 100.0
    Ossuary |       0 |     151 | 100.0 |       0 |      16 | 100.0
            +---------+---------+-------+---------+---------+-------

Skill      XL: |  1  2  3  4  5  6  7  8  9 10 |
---------------+-------------------------------+-----
Axes           | 3 5 6 7 8 10 11 | 11.7
Shields        | 4 5 6 7 8 |  8.7
Fighting       | 4 5 6 8 |  8.9
Armour         | 4 5 6 7 8 |  8.7
Throwing       | 1 3 5 6 |  6.1

Action                     |  1- 3 |  4- 6 |  7- 9 | 10-12 || total
---------------------------+-------+-------+-------+-------++-------
  Melee: War axe           |    75 |   125 |   325 |   146 ||   671
         Headbutt          |     7 |    18 |    65 |    31 ||   121
    Use: Scroll            |       |       |    14 |       ||    14
         Potion            |       |       |     3 |     2 ||     5
 Armour: Scale mail        |     4 |       |       |       ||     4
         Chain mail        |     8 |       |       |   116 ||   124
         Plate armour      |    48 |   137 |   276 |     7 ||   468
  Dodge: Dodged            |    20 |    25 |    81 |    45 ||   171
  Block: Buckler           |    19 |    17 |    74 |    40 ||   150

Illustrated notes

Table legend:
 A = Kills in this place as a percentage of kills in the entire game.
 B = Kills by you in this place as a percentage of kills by you in the entire game.
 C = Kills by friends in this place as a percentage of kills by friends in the entire game.
 D = Other kills in this place as a percentage of other kills in the entire game.
 E = Experience gained in this place as a percentage of experience gained in the entire game.
 F = Experience gained in this place divided by the number of levels of this place that you have seen.
                   A       B       C       D       E      F
               +-------+-------+-------+-------+-------+----------------------
         Total | 100.0 | 100.0 |   N/A |   N/A | 100.0 | 831.9
       Dungeon |  81.0 |  81.0 |   N/A |   N/A |  92.9 | 1062.6
         Sewer |  12.1 |  12.1 |   N/A |   N/A |   5.5 | 499.0
       Ossuary |   6.9 |   6.9 |   N/A |   N/A |   1.7 | 151.0
               +-------+-------+-------+-------+-------+----------------------

Table legend: (Time is in decaauts)
 A = Elapsed time spent in this place.
 B = Non-inter-level travel time spent in this place.
 C = Inter-level travel time spent in this place.
 D = Time resting spent in this place.
 E = Time spent auto-exploring this place.
 F = Levels seen in this place.
 G = Mean time per level.
                   A        B        C        D        E       F      G
               +--------+--------+--------+--------+--------+-----+--------+
         Total |   8823 |   8625 |    198 |     77 |   6622 |  11 |  802.1 |
       Dungeon |   7676 |   7478 |    198 |     77 |   5751 |   8 |  959.5 |
        Temple |      9 |      9 |      0 |      0 |      0 |   1 |    9.0 |
         Sewer |    897 |    897 |      0 |      0 |    706 |   1 |  897.0 |
       Ossuary |    239 |    239 |      0 |      0 |    165 |   1 |  239.0 |
               +--------+--------+--------+--------+--------+-----+--------+

Top non-repeatable levels by time:
     D:3: 1349 daAuts
     D:7: 1239 daAuts
     D:6: 1056 daAuts
     D:4: 975 daAuts
     D:5: 935 daAuts
   Sewer: 897 daAuts
     D:2: 895 daAuts
     D:1: 637 daAuts
     D:8: 589 daAuts
 Ossuary: 239 daAuts
  Temple: 9 daAuts
